 Dungeon Crawl Stone Soup version 0.30.0 (webtiles) character file.

Game seed: 11331056252148418318

28 workbot the Insei (level 3, -1/26 HPs)
             Began as a Human Transmuter on May 5, 2023.
             Killed from afar by a dart slug (4 damage)
             ... with a slug dart
             ... on level 1 of the Dungeon.
             The game lasted 00:02:06 (403 turns).

workbot the Insei (Human Transmuter)                 Turns: 403, Time: 00:02:07

Health: -1/26      AC:  2    Str: 12    XL:     3   Next: 30%
Magic:  7/7        EV: 12    Int: 13    God:
Gold:   0          SH:  0    Dex: 13    Spells: 6/7 levels left

rFire   . .          .
                       - Unarmed
rCold   . . .        (no shield)
rNeg    . . .        a - +0 robe
rPois   .            (no helmet)
rElec   .            (no cloak)
rCorr   .            (no gloves)
SInv    .            (no boots)
Will    .....        (no amulet)
Stlth   +            (no ring)
HPRegen 0.24/turn    (no ring)
MPRegen 0.10/turn

%: no passive effects
@: no status effects
A: no striking features
a: no special abilities


You were on level 1 of the Dungeon.
You visited 1 branch of the dungeon, and saw 1 of its levels.

Inventory:

Armour
 a - a +0 robe (worn)
Scrolls
 b - a scroll of identify {unknown}


   Skills:
 - Level 1.0 Fighting
 - Level 2.0 Dodging
 + Level 3.3 Unarmed Combat
 * Level 2.7 Spellcasting
 + Level 2.4 Transmutations


You had 6 spell levels left.
You knew the following spells:

 Your Spells              Type           Power      Damage    Failure   Level
a - Beastly Appendage     Tmut           16%        N/A       9%          1

Your spell library contained the following spells:

 Spells                   Type           Power      Damage    Failure   Level
 Wereblood                Tmut           8%         N/A       13%         2
 Spider Form              Tmut/Pois      4%         N/A       41%         3
 Ice Form                 Ice/Tmut       4%         N/A       82%         4


Dungeon Overview and Level Annotations

Branches:
Dungeon (1/15)

Altars:


Message History

The bush is heavily damaged.
The dart slug bites the bush but does no damage.
You hit the bush but do no damage.
The bush is heavily damaged.
You hit the bush.
The bush is heavily damaged.
The dart slug bites the bush but does no damage.
You hit the bush.
The bush is heavily damaged.
The dart slug bites the bush but does no damage.
You hit the bush but do no damage. You punch the bush, but do no damage.
The bush is heavily damaged.
You hit the bush but do no damage.
The bush is heavily damaged.
The dart slug bites the bush but does no damage.
You hit the bush.
The bush is heavily damaged.
You hit the bush but do no damage.
The bush is heavily damaged.
The dart slug launches a dart at you. The slug dart hits you.
* * * LOW HITPOINT WARNING * * *
You hit the bush.
The bush is heavily damaged.
The dart slug bites the bush but does no damage.
You hit the bush but do no damage.
The bush is heavily damaged.
You hit the bush but do no damage.
The bush is heavily damaged.
The dart slug bites the bush.
You hit the bush but do no damage.
The bush is heavily damaged.
The dart slug bites the bush but does no damage.
You hit the bush but do no damage.
The bush is heavily damaged.
You hit the bush.
The bush is heavily damaged.
The dart slug launches a dart at you. The slug dart hits you.
You die...

,,P.................######.# *,*
,.P♣..P......#.#...........###*,*
.,*♣.........#.#.#...........(*,*
,,,PP#.....♣♣♣♣#.#............*,*
**,.,#####♣PP,*♣.#............*,*
****,,*****P..,♣.#.♣♣♣........*,*
,,,,,,,,,,*♣..♣♣.#♣P♣..#.#.###*,*
,,,,,,,**,**♣.w♣♣♣♣P.P♣..#,# *,*
,,,,,,,***,*,♣♣P@P....♣###,* *,*
,**,,,,* *,,**♣♣...♣♣♣# *,* *,*
,***,,,* ****♣..♣.♣♣,** *,* *,*
,,*,**** **♣PPP♣♣,,,* *,****,*
,,,** *..♣..,,**,** *,,,,*,* ****
*##.♣♣♣,,**,,******,*,*
*,.,>***,**,,,,,,,,,*,*
*.,,,,*****,,********,*
*,,,,*,*,,,,,,,,,,,,,,*


You could see a dart slug.

Vanquished Creatures
  A gnoll (D:1)
  An endoplasm (D:1)
  A giant cockroach (D:1)
  7 jackals (D:1)
  A kobold (D:1)
  3 bats (D:1)
  A rat (D:1)
15 creatures vanquished.

Vanquished Creatures (others)
  4 plants (D:1)
4 creatures vanquished.

Grand Total: 19 creatures vanquished

Notes
Turn   | Place    | Note
-------+----------+-------------------------------------------
     0 | D:1      | workbot the Human Transmuter began the quest for the Orb.
     0 | D:1      | Reached XP level 1. HP: 15/15 MP: 3/3
   143 | D:1      | Reached XP level 2. HP: 21/21 MP: 5/5
   169 | D:1      | Reached XP level 3. HP: 14/26 MP: 6/6
   397 | D:1      | HP: 1/26 [dart slug/slug dart (5)]
   403 | D:1      | Killed from afar by a dart slug

Illustrated notes

Levels and vault maps discovered:
D:1:      dpeg_arrival_prison, layout_basic, serial_forest,
          infiniplex_forest_clump_cross, infiniplex_forest_end_1,
          infiniplex_forest_lined_3, infiniplex_forest_split,
          infiniplex_forest_clump_small, infiniplex_forest_clump_tiny

Action                     || total
---------------------------++-------
  Melee: Unarmed           ||   179
         Kick              ||     5
         Headbutt          ||     2
         Punch             ||    11
   Cast: Beastly Appendage ||     2
    Use: Scroll            ||     1
         Potion            ||     1
 Armour: Robe              ||     9
         Skin              ||    41
  Dodge: Dodged            ||    46
